1782 views
Uploaded 2022-12-29 19:16:15
Game version 1.32.10
11:41 long 1on1 ladder game on (4)TurtleRock
Saved by DKnight
1782 views
Uploaded 2022-12-29 19:16:15
Game version 1.32.10
11:41 long 1on1 ladder game on (4)TurtleRock

18 units @ 2.6k
/ 0.3k
12 buildings @ 1.9k
/ 0.6k


| Rod of Necromancy | 2 | 300 |
| Sacrificial Skull | 1 | 50 |
| Ritual Dagger | 1 | 125 |
| total: | 4 | 475g |
| Acolyte | 4 | 300 | / | 0 |
| Ghoul | 9 | 1080 | / | 0 |
| Abomination | 4 | 960 | / | 280 |
| Crypt Fiend | 1 | 215 | / | 40 |
| total: | 18 | 2555g | / | 320w |
| Nerubian Tower | 2 | 200 | / | 40 |
| Spirit Tower | 4 | 580 | / | 160 |
| Crypt | 1 | 200 | / | 50 |
| Altar of Darkness | 1 | 180 | / | 50 |
| Ziggurat | 7 | 1050 | / | 350 |
| Tomb of Relics | 1 | 130 | / | 30 |
| Graveyard | 1 | 215 | / | 0 |
| Slaughterhouse | 1 | 140 | / | 135 |
| Halls of the Dead | 1 | 320 | / | 210 |
| Black Citadel | 1 | 325 | / | 230 |
| total: | 12 | 1915g | / | 615w |
| 0:05 | Acolyte |
| 0:06 | Acolyte |
| 0:22 | Crypt |
| 0:25 | Altar of Darkness |
| 0:38 | Ziggurat |
| 1:25 | Ghoul |
| 1:32 | Tomb of Relics |
| 1:35 | Ziggurat |
| 1:38 | Acolyte |
| 1:41 | Ghoul |
| 2:05 | Ghoul |
| 2:18 | Ghoul |
| 2:29 | Carrion Beetles |
| 2:35 | Rod of Necromancy |
| 2:36 | Sacrificial Skull |
| 2:42 | Halls of the Dead |
| 2:55 | Ghoul |
| 3:09 | Ghoul |
| 3:23 | Ghoul |
| 3:35 | Nerubian Tower |
| 3:40 | Ghoul |
| 3:50 | Spiked Carapace |
| 4:12 | Ghoul |
| 4:13 | Ziggurat |
| 4:39 | Graveyard |
| 5:09 | Black Citadel |
| 5:19 | Ritual Dagger |
| 5:38 | Carrion Beetles |
| 6:21 | Unholy Armor |
| 6:26 | Cannibalize |
| 6:32 | Slaughterhouse |
| 7:13 | Unholy Strength |
| 7:38 | Death Coil |
| 7:41 | Abomination |
| 7:43 | Ziggurat |
| 7:43 | Ziggurat |
| 8:03 | Ziggurat |
| 8:13 | Ziggurat |
| 8:31 | Abomination |
| 8:37 | Spirit Tower |
| 8:42 | Death Pact |
| 8:51 | Spirit Tower |
| 8:57 | Acolyte |
| 9:06 | Nerubian Tower |
| 9:26 | Spirit Tower |
| 9:42 | Spirit Tower |
| 9:54 | Rod of Necromancy |
| 10:12 | Abomination |
| 10:23 | Impale |
| 10:35 | Abomination |
| 10:51 | Death Coil |
| 10:57 | Crypt Fiend |
| Right click | 383 |
| Select | 216 |
| Select group | 95 |
| Misc. action | 90 |
| Build/train/purchase | 71 |
| Assign group | 34 |
| Use ability | 17 |
| Item give/drop | 2 |
| Esc | 1 |
16 units @ 2.9k
/ 0.5k
10 buildings @ 1.6k
/ 0.5k


| Rod of Necromancy | 3 | 450 |
| Scroll of Healing | 1 | 250 |
| total: | 4 | 700g |
| Acolyte | 2 | 150 | / | 0 |
| Ghoul | 2 | 240 | / | 0 |
| Crypt Fiend | 9 | 1935 | / | 360 |
| Obsidian Statue | 3 | 600 | / | 105 |
| total: | 16 | 2925g | / | 465w |
| Crypt | 1 | 200 | / | 50 |
| Altar of Darkness | 1 | 180 | / | 50 |
| Ziggurat | 5 | 750 | / | 250 |
| Graveyard | 1 | 215 | / | 0 |
| Tomb of Relics | 1 | 130 | / | 30 |
| Slaughterhouse | 1 | 140 | / | 135 |
| Halls of the Dead | 1 | 320 | / | 210 |
| Black Citadel | 1 | 325 | / | 230 |
| total: | 10 | 1615g | / | 515w |
| 0:03 | Acolyte |
| 0:03 | Acolyte |
| 0:08 | Crypt |
| 0:12 | Altar of Darkness |
| 0:34 | Ziggurat |
| 0:58 | Graveyard |
| 1:09 | Ghoul |
| 1:22 | Tomb of Relics |
| 1:39 | Ghoul |
| 2:17 | Ziggurat |
| 2:24 | Death Coil |
| 2:25 | Rod of Necromancy |
| 2:27 | Crypt Fiend |
| 3:04 | Halls of the Dead |
| 3:23 | Crypt Fiend |
| 3:54 | Crypt Fiend |
| 3:55 | Ziggurat |
| 3:59 | Unholy Aura |
| 4:30 | Crypt Fiend |
| 4:49 | Rod of Necromancy |
| 5:47 | Black Citadel |
| 6:12 | Slaughterhouse |
| 6:22 | Crypt Fiend |
| 6:41 | Crypt Fiend |
| 6:49 | Rod of Necromancy |
| 6:52 | Death Coil |
| 7:09 | Frost Nova |
| 7:19 | Burrow |
| 7:21 | Ziggurat |
| 8:03 | Creature Attack |
| 8:25 | Obsidian Statue |
| 8:25 | Destroyer Form |
| 8:28 | Ziggurat |
| 8:45 | Dark Ritual |
| 8:56 | Obsidian Statue |
| 9:16 | Scroll of Healing |
| 9:33 | Crypt Fiend |
| 10:20 | Crypt Fiend |
| 10:22 | Death Pact |
| 10:49 | Obsidian Statue |
| 10:50 | Crypt Fiend |
| Right click | 674 |
| Select group | 471 |
| Select | 219 |
| Build/train/purchase | 63 |
| Misc. action | 57 |
| Assign group | 33 |
| Use ability | 15 |
| Item give/drop | 5 |